 Dungeon Crawl Stone Soup version 0.27-a0-1188-g73eefd5def (webtiles) character file.

Game seed: 8537123634722995158

50 chippings the Sneak (level 3, -1/29 HPs)
             Began as a Mummy Delver on May 20, 2021.
             Was an Initiate of Ru.
             Slain by a gnoll
             ... wielding a +0 halberd
              (11 damage)
             ... on level 2 of the Dungeon.
             The game lasted 00:03:22 (2145 turns).

chippings the Sneak (Mummy Delver)                  Turns: 2145, Time: 00:03:22

Health: -1/29      AC:  3    Str: 15    XL:     3   Next: 55%
Magic:  3/3        EV: 11    Int:  9    God:    Ru [......]
Gold:   65         SH:  0    Dex: 14    Spells: 2/2 levels left

rFire    x . .     SeeInvis .   a - +0 mace
rCold    + . .     Faith    .   (no shield)
rNeg     + + +     Spirit   .   b - +0 leather armour
rPois    ∞         Reflect  .   (no helmet)
rElec    .         Harm     .   (no cloak)
rCorr    .         Rampage  .   (no gloves)
Will     .....                  (no boots)
Stlth    ++........             (no amulet)
HPRegen  0.09/turn              (no ring)
MPRegen  0.08/turn              (no ring)

@: no status effects
A: cold resistance 1, negative energy resistance 3, torment resistance 2, heat
vulnerability 1, no potions
a: Renounce Religion


You were on level 2 of the Dungeon.
You worshipped Ru.
Ru was noncommittal.
You visited 2 branches of the dungeon, and saw 5 of its levels.

You collected 65 gold pieces.

Inventory:

Hand Weapons
 a - a +0 mace (weapon)
Missiles
 h - 2 throwing nets (quivered)
Armour
 b - a +0 leather armour (worn)
 e - a +0 ring mail
Wands
 f - a wand of digging (3)
Scrolls
 c - a scroll of fog
 d - a scroll of magic mapping
 i - a scroll of teleportation {unknown}


   Skills:
 + Level 3.5 Fighting
 * Level 2.8 Maces & Flails
 - Level 1.5 Dodging
 - Level 4.1 Stealth


You had 2 spell levels left.
You didn't know any spells.
Your spell library was empty.

Dungeon Overview and Level Annotations

Branches:
Dungeon (5/15)             Temple (1/1) D:4

Altars:
Elyvilon
Fedhas
Gozag
Kikubaaqudgha
Makhleb
Okawaru
Ru
Sif Muna
Trog
Uskayaw
Wu Jian
Zin
The Shining One

Annotations:
D:2 Terence


Innate Abilities, Weirdness & Mutations

You are immune to poison.
Your flesh is cold resistant. (rC+)
You are immune to negative energy. (rN+++)
You are immune to unholy pain and torment.
You are vulnerable to heat. (rF-)
You do not drink.


Message History

You climb upwards.
Level annotation: Terence
There is a stone staircase leading down here.
Found a stone staircase leading up.
i - a scroll labelled JEARYN OPLARIK A kobold comes into view.
It is wielding a +0 short sword.
The kobold shouts!
The kobold hits you but does no damage.
You closely miss the kobold. The kobold closely misses you.
The kobold hits you but does no damage.
You hit the kobold.
You kill the kobold!
Things that are here:
a +0 short sword; a kobold corpse An endoplasm comes into view.
You sock the endoplasm!
You kill the endoplasm!
Throw: 2 darts (poison)
Press: ? - help, Q - select action, (/) - cycle Shift-Dir - straight line, f - gnoll
Aim: a gnoll, wielding a +0 halberd (63% to hit)
You throw a poisoned dart. The poisoned dart hits the gnoll.
The gnoll is poisoned.
Unknown command.
Throw: dart (poison)
Press: ? - help, Q - select action, (/) - cycle Shift-Dir - straight line, f/p - gnoll
Aim: a gnoll, wielding a +0 halberd (lightly wounded, poisoned, 63% to hit)
You throw a poisoned dart.
The poisoned dart closely misses the gnoll.
Unknown command.
The gnoll barely misses you.
The gnoll looks more healthy.
The gnoll closely misses you. The gnoll hits you with a +0 halberd!
You closely miss the gnoll.
The gnoll is moderately wounded.
The gnoll barely misses you.
You closely miss the gnoll.
The gnoll is moderately wounded.
The gnoll hits you with a +0 halberd! x2
You die...

#..((...#.#
#.# #..)
#.#.##
#.#...#..
#....#
.#......
###..#
#...###
#..# ##.#
######..#
#.
........# #
#######g#
#@# #.# <..
# #.# .. #.
#.# ##..
##.#### #.#
#.. ......#
#.# #..
.....# #.#
#.# #..#
#)# #.#
###... #.#
#.# #.....


You could see a gnoll.

Vanquished Creatures
  2 gnolls (D:3)
  An ufetubus (D:3)
  2 ball pythons
  3 bats
  4 endoplasms
  2 giant cockroaches
  A goblin (D:2)
  3 hobgoblins
  3 kobolds
  A quokka (D:2)
  A rat (D:2)
23 creatures vanquished.

Notes
Turn   | Place    | Note
-------+----------+-------------------------------------------
     0 | D:5      | chippings the Mummy Delver began the quest for the Orb.
     0 | D:5      | Reached XP level 1. HP: 18/18 MP: 1/1
    18 | D:5      | Noticed a scorpion
    48 | D:4      | Found a staircase to the Ecumenical Temple.
   308 | Temple   | Entered the Ecumenical Temple
   356 | Temple   | Became a worshipper of Ru the Awakened
   539 | D:4      | Noticed a black bear
   826 | D:3      | Found an iron altar of Okawaru.
   867 | D:3      | Reached XP level 2. HP: 20/24 MP: 2/2
   978 | D:2      | Noticed Terence
  1535 | D:3      | Reached XP level 3. HP: 8/29 MP: 3/3
  2145 | D:2      | Slain by a gnoll

Illustrated notes

Levels and vault maps discovered:
D:2:      layout_loops_ring, uniq_natasha, uniq_terence
D:3:      layout_rooms, marbit_many_paths, general_overflow_altar,
          minmay_misc_feat_tiny, corexii_leaking_fountain
D:4:      layout_loops_ring, minmay_temple_entry_stoned_glass, serial_shops,
          shop, kennysheep_cross_room
D:5:      layout_basic, hangedman_decor_opposing
Temple:   minmay_temple_bridge_abc

Skill      XL: |  1 |
---------------+----+-----
Maces & Flails | 2 |  2.8
Fighting       | |  3.5
Dodging        | |  1.5
Stealth        | |  4.1

Action                   || total
-------------------------++-------
Melee: Mace              ||    74
Throw: Dart              ||     2
  Use: Scroll            ||     1
 Stab: Sleeping          ||     6
       Distracted        ||     1
Armor: Leather armour    ||    38
Dodge: Dodged            ||    59

Table legend: (Time is in decaauts)
 A = Elapsed time spent in this place.
 B = Non-inter-level travel time spent in this place.
 C = Inter-level travel time spent in this place.
 D = Time resting spent in this place.
 E = Time spent auto-exploring this place.
 F = Levels seen in this place.
 G = Mean time per level.
                   A        B        C        D        E       F      G
               +--------+--------+--------+--------+--------+-----+--------+
         Total |   2169 |   2157 |     12 |   1013 |    449 |   5 |  433.8 |
       Dungeon |   2101 |   2101 |      0 |   1013 |    437 |   4 |  525.2 |
        Temple |     67 |     55 |     12 |      0 |     12 |   1 |   67.0 |
               +--------+--------+--------+--------+--------+-----+--------+

Top non-repeatable levels by time:
     D:3: 1001 daAuts
     D:2: 598 daAuts
     D:4: 453 daAuts
  Temple: 67 daAuts
     D:5: 48 daAuts
